 Dungeon Crawl Stone Soup version 0.23.2-30-g0e89c35649 (webtiles) character file.

Game seed: 7702412105237128954

44 smcx the Magician (level 3, -8/19 HPs)
             Began as a Deep Elf Fire Elementalist on June 13, 2019.
             Mangled by an ogre
             ... wielding a +0 giant club
              (14 damage)
             ... on level 2 of the Dungeon.
             The game lasted 00:04:37 (1167 turns).

smcx the Magician (Deep Elf Fire Elementalist)      Turns: 1167, Time: 00:04:38

Health: -8/19      AC:  2    Str:  5    XL:     3   Next: 41%
Magic:  7/10       EV: 13    Int: 20    God:
Gold:   56         SH:  0    Dex: 15    Spells: 6/9 levels left

rFire    . . .     SeeInvis .   i - +1 dagger (holy)
rCold    . . .     Gourm    .   (no shield)
rNeg     . . .     Faith    .   a - +0 robe
rPois    .         Spirit   .   (no helmet)
rElec    .         Reflect  .   (no cloak)
rCorr    .         Harm     .   (no gloves)
MR       .....                  (no boots)
Stlth    ++........             (no amulet)
HPRegen  0.06/turn              (no ring)
MPRegen  0.12/turn              (no ring)

@: no status effects
A: no striking features
a: no special abilities


You were on level 2 of the Dungeon.
You were not hungry.

You visited 1 branch of the dungeon, and saw 2 of its levels.

You collected 56 gold pieces.

Inventory:

Hand Weapons
 g - a +0 dagger
 i - a +1 dagger of holy wrath (weapon)
Armour
 a - a +0 robe (worn)
Scrolls
 e - a scroll of enchant armour {unknown}
 f - 2 scrolls of identify {unknown}
 h - a scroll of remove curse {unknown}
Potions
 b - a potion of curing {unknown}
Comestibles
 c - 2 rations
 d - 5 chunks of flesh


   Skills:
 + Level 3.1 Dodging
 - Level 2.4 Stealth
 + Level 3.7 Spellcasting
 + Level 2.1 Conjurations
 + Level 3.7 Fire Magic


You had 6 spell levels left.
You knew the following spells:

 Your Spells              Type           Power        Failure   Level  Hunger
a - Flame Tongue          Conj/Fire      ###..        4%          1    None
b - Throw Flame           Conj/Fire      ###...       6%          2    ##.....

Your spell library contained the following spells:

 Spells                   Type           Power        Failure   Level  Hunger
 Conjure Flame            Conj/Fire      ###.....     12%         3    ###....
 Inner Flame              Hex/Fire       ##......     19%         3    ###....
 Sticky Flame             Conj/Fire      ###.....     36%         4    ####...
 Fireball                 Conj/Fire      ###.......   73%         5    ######.


Dungeon Overview and Level Annotations

Branches:
Dungeon (2/15)

Altars:


Message History

There is an open door here.
Casting: Flame Tongue (safe; 4% risk of failure)
Confirm with . or Enter, or press ? or * to list all spells.
Aiming: Flame Tongue (safe; 4% risk of failure)
Press: ? - help, Shift-Dir - straight line, f/p - ogre
Aim: an ogre, wielding a +0 giant club (moderately wounded)
The flame tongue hits the ogre.
The ogre is heavily wounded.
The ogre hits you with a +0 giant club!
Ouch! That really hurt!
Casting: Flame Tongue (safe; 4% risk of failure)
Confirm with . or Enter, or press ? or * to list all spells.
Aiming: Flame Tongue (safe; 4% risk of failure)
Press: ? - help, Shift-Dir - straight line, f/p - ogre
Aim: an ogre, wielding a +0 giant club (heavily wounded)
The flame tongue hits the ogre.
The ogre is severely wounded.
The frilled lizard barely misses you. The ogre hits you with a +0 giant club!
Ouch! That really hurt!
You die...

#.............
###...........
#.K.........
##...#+#+##.#
####...#.# .#
#......#.# #.#
#......#.# ..#
#.รท....#.###..#
#......gO@<#..###.#
#......#l#.#.......
#......#.#.....#
#......#.#.#.#.#
#......#.#.#.#
########
#......#.#.#.#
#......
#....#.#.#.#.#
#....#
.......#.#.#.#
#....+ #.#.#
#....#.#


You could see an ogre, a goblin and a frilled lizard.

Vanquished Creatures
  A dart slug (D:2)
  5 bats (D:1)
  3 giant cockroaches (D:1)
  5 goblins
  5 hobgoblins (D:1)
  5 jackals (D:1)
  3 frilled lizards (D:1)
  5 kobolds
  8 rats
40 creatures vanquished.

Notes
Turn   | Place    | Note
-------+----------+-------------------------------------------
     0 | D:1      | smcx the Deep Elf Fire Elementalist began the quest for the
                  | Orb.
     0 | D:1      | Reached XP level 1. HP: 10/10 MP: 6/6
   222 | D:1      | Reached XP level 2. HP: 15/15 MP: 4/8
   646 | D:1      | Reached XP level 3. HP: 19/19 MP: 1/10
   751 | D:1      | Learned a level 2 spell: Throw Flame
  1135 | D:2      | Noticed an ogre
  1167 | D:2      | Mangled by an ogre

Skill      XL: |  1  2  3 |
---------------+----------+-----
Dodging        | 3 |  3.1
Conjurations   | 2 |  2.1
Stealth        | |  2.4
Spellcasting   | |  3.7
Fire Magic     | |  3.7

Action                   || total
-------------------------++-------
 Cast: Flame Tongue      ||    56
       Throw Flame       ||     4
  Eat: Chunk             ||     1
Armor: Robe              ||     4
Dodge: Dodged            ||    15
